% Time on Ice - SASKATOON DUCKS
Lines # - Real PCT - Wanted PCT - Time Play
Normal Forward
1 - 35% - 36% - 19:04
2 - 33% - 34% - 17:58
3 - 24% - 24% - 12:59
4 - 9% - 6% - 4:53
Normal Defense
1 - 41% - 44% - 22:36
2 - 32% - 32% - 17:37
3 - 25% - 24% - 13:42
4 - 2% - 0% - 0:59
PP Forward
1 - 56% - 55% - 1:45
2 - 44% - 45% - 1:22
PP Defense
1 - 45% - 55% - 1:25
2 - 55% - 45% - 1:42
PK Forward
1 - 0% - 55%
2 - 0% - 45%
PK Defense
1 - 0% - 55%
2 - 0% - 45%
PK3 Forward
1 - 0% - 55%
2 - 0% - 45%
PK3 Defense
1 - 0% - 55%
2 - 0% - 45%
44 Forward
1 - 45% - 55% - 0:53
2 - 55% - 45% - 1:06
44 Defense
1 - 45% - 55% - 0:53
2 - 55% - 45% - 1:06
Last Minute Offensive  - 0:00
Last Minute Defensive  - 0:00
Total
Forward - 60:00
Defense - 60:00
% Time on Ice - CALGARY FIREMEN
Lines # - Real PCT - Wanted PCT - Time Play
Normal Forward
1 - 28% - 33% - 15:14
2 - 35% - 32% - 18:59
3 - 20% - 25% - 11:12
4 - 17% - 10% - 9:29
Normal Defense
1 - 33% - 33% - 17:52
2 - 30% - 32% - 16:16
3 - 29% - 25% - 16:07
4 - 8% - 10% - 4:39
PP Forward
1 - 0% - 50%
2 - 0% - 50%
PP Defense
1 - 0% - 50%
2 - 0% - 50%
PK Forward
1 - 40% - 50% - 1:14
2 - 60% - 50% - 1:53
PK Defense
1 - 35% - 70% - 1:05
2 - 65% - 30% - 2:02
PK3 Forward
1 - 0% - 50%
2 - 0% - 50%
PK3 Defense
1 - 0% - 50%
2 - 0% - 50%
44 Forward
1 - 49% - 50% - 0:58
2 - 51% - 50% - 1:01
44 Defense
1 - 39% - 50% - 0:47
2 - 61% - 50% - 1:12
Last Minute Offensive  - 0:00
Last Minute Defensive  - 0:00
Total
Forward - 60:00
Defense - 60:00
Play-by-Play 1st period 0:01 of 1st period - Ryan Johansen wins face-off versus Sidney Crosby in neutral zone. 0:21 of 1st period - Icing by Sidney Crosby. 0:22 of 1st period - Sidney Crosby wins face-off versus Adam Henrique in SASKATOON DUCKS zone. 0:57 of 1st period - Shot by Adam Henrique. 0:57 of 1st period - Stopped by Tristan Jarry without a rebound. 0:58 of 1st period - Jack Drury wins face-off versus Claude Giroux in SASKATOON DUCKS zone. 0:58 of 1st period - Jack Drury is hit by Jaycob Megna. 1:06 of 1st period - Shot by Filip Forsberg. 1:06 of 1st period - Stopped by Tristan Jarry without a rebound. 1:07 of 1st period - Ryan Strome wins face-off versus Brett Howden in SASKATOON DUCKS zone. 1:19 of 1st period - Oskar Lindblom is hit by William Borgen and loses puck. 1:48 of 1st period - Icing by Yakov Trenin. 1:49 of 1st period - Brett Howden wins face-off versus Claude Giroux in CALGARY FIREMEN zone. 2:07 of 1st period - Shot by Claude Giroux. 2:07 of 1st period - Shot Misses the Net. 2:12 of 1st period - Gustav Forsling is hit by Jaycob Megna and loses puck. 2:36 of 1st period - Shot by Gustav Forsling. 2:36 of 1st period - Shot Misses the Net. 3:15 of 1st period - Shot by Sonny Milano. 3:15 of 1st period - Stopped by Tristan Jarry without a rebound. 3:16 of 1st period - Ryan Johansen wins face-off versus Anthony Duclair in SASKATOON DUCKS zone. 3:35 of 1st period - Shot by Jake Guentzel. 3:35 of 1st period - Shot Misses the Net. 3:37 of 1st period - Shot by Anthony Duclair. 3:37 of 1st period - Shot Blocked by Justin Braun. 3:39 of 1st period - Shot by Ryan McDonagh. 3:39 of 1st period - Stopped by Vitek Vanecek without a rebound. 3:40 of 1st period - Derick Brassard wins face-off versus Adam Henrique in CALGARY FIREMEN zone. 3:49 of 1st period - Off-side. 3:50 of 1st period - Ryan Strome wins face-off versus Adam Henrique in neutral zone. 4:16 of 1st period - Shot by Sonny Milano. 4:16 of 1st period - Shot Hit the Post. 4:18 of 1st period - Shot by Adam Henrique. 4:18 of 1st period - Shot Blocked by Ryan McDonagh. 4:20 of 1st period - Shot by Alex Goligoski. 4:20 of 1st period - Stopped by Tristan Jarry without a rebound. 4:21 of 1st period - Sidney Crosby wins face-off versus Ryan Johansen in SASKATOON DUCKS zone. 4:28 of 1st period - Filip Forsberg is hit by Anthony Duclair and loses puck. 4:49 of 1st period - Shot by Sidney Crosby. 4:49 of 1st period - Stopped by Vitek Vanecek without a rebound. 4:50 of 1st period - Derick Brassard wins face-off versus Adam Henrique in CALGARY FIREMEN zone. 4:58 of 1st period - Kailer Yamamoto is hit by Shayne Gostisbehere and loses puck. 5:19 of 1st period - Shot by Adam Henrique. 5:19 of 1st period - Stopped by Tristan Jarry without a rebound. 5:20 of 1st period - Ryan Johansen wins face-off versus Claude Giroux in SASKATOON DUCKS zone. 5:38 of 1st period - Shot by Jakob Silfverberg. 5:38 of 1st period - Shot Misses the Net. 5:40 of 1st period - Shot by Jake McCabe. 5:40 of 1st period - Stopped by Tristan Jarry without a rebound. 5:41 of 1st period - Sidney Crosby wins face-off versus Brett Howden in SASKATOON DUCKS zone. 5:50 of 1st period - Shot by Sidney Crosby. 5:50 of 1st period - Stopped by Vitek Vanecek without a rebound. 5:51 of 1st period - Jack Drury wins face-off versus Ryan Strome in CALGARY FIREMEN zone. 7:04 of 1st period - Icing by Chris Wideman. 7:05 of 1st period - Adam Henrique wins face-off versus Ryan Strome in SASKATOON DUCKS zone. 7:21 of 1st period - Bryan Rust is hit by Adam Henrique and loses puck. 7:48 of 1st period - Anthony Duclair is hit by Adam Henrique and loses puck. 8:49 of 1st period - Shot by William Nylander. 8:49 of 1st period - Stopped by Vitek Vanecek with a rebound. 9:18 of 1st period - Off-side. 9:19 of 1st period - Ryan Johansen wins face-off versus Derick Brassard in neutral zone. 9:24 of 1st period - Shot by Filip Forsberg. 9:24 of 1st period - Shot Blocked by Ryan McDonagh. 9:54 of 1st period - Shot by Filip Forsberg. 9:54 of 1st period - Shot Misses the Net. 10:05 of 1st period - Icing by Curtis Lazar. 10:06 of 1st period - Derick Brassard wins face-off versus Adam Henrique in SASKATOON DUCKS zone. 10:13 of 1st period - Shot by Sonny Milano. 10:13 of 1st period - Stopped by Tristan Jarry without a rebound. 10:14 of 1st period - Sidney Crosby wins face-off versus Adam Henrique in SASKATOON DUCKS zone. 10:14 of 1st period - Sidney Crosby is hit by Sonny Milano. 10:46 of 1st period - Shot by Sonny Milano. 10:46 of 1st period - Shot Misses the Net. 10:48 of 1st period - Shot by Sonny Milano. 10:48 of 1st period - Shot Misses the Net. 11:22 of 1st period - Shot by Filip Forsberg. 11:22 of 1st period - Stopped by Tristan Jarry without a rebound. 11:23 of 1st period - Jack Drury wins face-off versus Ryan Strome in SASKATOON DUCKS zone. 11:32 of 1st period - Shot by Ryan Strome. 11:32 of 1st period - Stopped by Vitek Vanecek without a rebound. 11:33 of 1st period - Claude Giroux wins face-off versus Brett Howden in CALGARY FIREMEN zone. 11:43 of 1st period - William Nylander is hit by Jake McCabe and loses puck. 11:59 of 1st period - Shot by Artemi Panarin. 11:59 of 1st period - Shot Misses the Net. 12:01 of 1st period - Shot by Ryan McDonagh. 12:01 of 1st period - Shot Misses the Net. 13:49 of 1st period - Shot by Mathieu Joseph. 13:49 of 1st period - Stopped by Vitek Vanecek with a rebound. 13:53 of 1st period - Shot by Ryan Strome. 13:53 of 1st period - Deflect By Bryan Rust. 13:53 of 1st period - Shot Misses the Net. 14:26 of 1st period - Shot by Adam Henrique. 14:26 of 1st period - Stopped by Tristan Jarry without a rebound. 14:27 of 1st period - Claude Giroux wins face-off versus Oskar Lindblom in SASKATOON DUCKS zone. 14:27 of 1st period - Claude Giroux is hit by Yakov Trenin. 14:35 of 1st period - Shot by William Nylander. 14:35 of 1st period - Stopped by Vitek Vanecek without a rebound. 14:36 of 1st period - Claude Giroux wins face-off versus Filip Forsberg in CALGARY FIREMEN zone. 14:39 of 1st period - Shot by Artemi Panarin. 14:39 of 1st period - Stopped by Vitek Vanecek without a rebound. 14:40 of 1st period - Sidney Crosby wins face-off versus Brett Howden in CALGARY FIREMEN zone. 14:41 of 1st period - Shot by Jake Guentzel. 14:41 of 1st period - Shot Misses the Net. 15:29 of 1st period - Shot by Filip Forsberg. 15:29 of 1st period - Stopped by Tristan Jarry with a rebound. 16:03 of 1st period - Shot by Filip Forsberg. 16:03 of 1st period - Shot Misses the Net. 16:05 of 1st period - Shot by Filip Forsberg. 16:05 of 1st period - Deflect By Mattias Janmark-Nylen. 16:05 of 1st period - Shot Misses the Net. 16:07 of 1st period - Shot by Filip Forsberg. 16:07 of 1st period - Goal by Filip Forsberg - SASKATOON DUCKS : 0 - CALGARY FIREMEN : 1. 16:08 of 1st period - Adam Henrique wins face-off versus Mathieu Joseph in neutral zone. 16:33 of 1st period - Shot by Mathieu Joseph. 16:33 of 1st period - Stopped by Vitek Vanecek without a rebound. 16:34 of 1st period - Claude Giroux wins face-off versus Ryan Johansen in CALGARY FIREMEN zone. 16:37 of 1st period - Shot by Artemi Panarin. 16:37 of 1st period - Stopped by Vitek Vanecek without a rebound. 16:38 of 1st period - Claude Giroux wins face-off versus Ryan Johansen in CALGARY FIREMEN zone. 17:08 of 1st period - Claude Giroux is hit by Jake McCabe and loses puck. 17:17 of 1st period - Shot by Claude Giroux. 17:17 of 1st period - Stopped by Vitek Vanecek without a rebound. 17:18 of 1st period - Adam Henrique wins face-off versus Jake Guentzel in CALGARY FIREMEN zone. 17:18 of 1st period - Adam Henrique is hit by Jake Guentzel. 17:38 of 1st period - Shot by Anthony Duclair. 17:38 of 1st period - Stopped by Vitek Vanecek without a rebound. 17:39 of 1st period - Jack Drury wins face-off versus Ryan Strome in CALGARY FIREMEN zone. 18:05 of 1st period - Shot by Mathieu Joseph. 18:05 of 1st period - Stopped by Vitek Vanecek without a rebound. 18:06 of 1st period - Adam Henrique wins face-off versus Claude Giroux in CALGARY FIREMEN zone. 18:08 of 1st period - Gustav Forsling is hit by Artemi Panarin. 18:15 of 1st period - Shot by Adam Henrique. 18:15 of 1st period - Stopped by Tristan Jarry with a rebound. 18:17 of 1st period - Shot by Sonny Milano. 18:17 of 1st period - Shot Misses the Net. 18:22 of 1st period - Icing by Samuel Girard. 18:23 of 1st period - Claude Giroux wins face-off versus Ryan Johansen in SASKATOON DUCKS zone. 18:41 of 1st period - Shot by Filip Forsberg. 18:41 of 1st period - Shot Blocked by Samuel Girard. 18:47 of 1st period - Shot by Ryan Johansen. 18:47 of 1st period - Shot Misses the Net. 18:49 of 1st period - Shot by Ryan Johansen. 18:49 of 1st period - The goal is going for a video replay. 18:49 of 1st period - The goal is good. 18:49 of 1st period - Goal by Ryan Johansen - SASKATOON DUCKS : 0 - CALGARY FIREMEN : 2. 18:50 of 1st period - Adam Henrique wins face-off versus Sidney Crosby in neutral zone. 19:20 of 1st period - Shot by Sidney Crosby. 19:20 of 1st period - Shot Misses the Net. Goals for this period are 0 for SASKATOON DUCKS vs 2 for CALGARY FIREMEN. Shots for this period are 13 for SASKATOON DUCKS vs 13 for CALGARY FIREMEN. 2nd period 0:01 of 2nd period - Sidney Crosby wins face-off versus Jack Drury in neutral zone. 0:03 of 2nd period - Off-side. 0:04 of 2nd period - Sidney Crosby wins face-off versus Jack Drury in neutral zone. 0:22 of 2nd period - Minor Penalty to Filip Forsberg for Hooking. 0:22 of 2nd period - Minor Penalty to Samuel Girard for Slashing. 0:23 of 2nd period - Adam Henrique wins face-off versus Claude Giroux in SASKATOON DUCKS zone. 2:37 of 2nd period - Shot by Kailer Yamamoto. 2:37 of 2nd period - Shot Blocked by Justin Braun. 2:42 of 2nd period - Curtis Lazar is hit by Justin Braun and loses puck. 2:47 of 2nd period - Shot by Derick Brassard. 2:47 of 2nd period - Shot Misses the Net. 2:49 of 2nd period - Shot by Ryan McDonagh. 2:49 of 2nd period - Stopped by Vitek Vanecek without a rebound. 2:50 of 2nd period - Ryan Johansen w